 Dungeon Crawl Stone Soup version 0.32-a0-131-g9dbbe29 (webtiles) character file.

Game seed: 8850506315791355697

43957 edsrzf the Covert (level 14, 0/89 (94) HPs)
             Began as an Octopode Hedge Wizard on Feb 8, 2024.
             Was a High Priest of Sif Muna.
             Slain by a pharaoh ant (31 damage)
             ... on level 2 of the Lair of Beasts.
             The game lasted 00:49:52 (17574 turns).

edsrzf the Covert (Octopode Hedge Wizard)          Turns: 17574, Time: 00:49:53

HP:   0/89 (94)     AC: 11    Str:  9    XL:     14   Next: 26%
MP:   26/26         EV: 21    Int: 18    God:    Sif Muna [*****.]
Gold: 1292          SH:  0    Dex: 21    Spells: 19/29 levels left

rFire   . . .        b - +2 dagger (elec)
rCold   . . .        (no shield)
rNeg    . . .        C - +2 hat
rPois   .            P - amulet of faith {!P}
rElec   .            j - +4 ring of protection
rCorr   +            v - ring of resist corrosion
SInv    .            y - +4 ring of slaying
Will    +....        o - +6 ring of dexterity
Stlth   ++++++       E - +4 ring of protection
HPRegen 0.34/turn    (no ring)
MPRegen 0.20/turn    (no ring)
                     (no ring)

%: faith
@: about to teleport, drained
A: almost no armour, amphibious, 8 rings, camouflage 1, gelatinous body 1,
(nimble swimmer 1), tentacles
a: Renounce Religion, Channel Magic, Forget Spell, Divine Exegesis


You were on level 2 of the Lair of Beasts.
You worshipped Sif Muna.
Sif Muna was extremely pleased with you.
You visited 3 branches of the dungeon, and saw 14 of its levels.
You also visited: Bailey.

You collected 1292 gold pieces.

Inventory:

Hand Weapons
 a - a +5 dagger of holy wrath
 b - a +2 dagger of electrocution (weapon)
 Q - a +0 scimitar of flaming
Missiles
 l - 44 poisoned darts
 s - 4 atropa-tipped darts
 M - 2 throwing nets {=f}
Armour
 C - a +2 hat (worn)
Jewellery
 j - a +4 ring of protection (left tentacle)
 o - a +6 ring of dexterity (on tentacle)
 v - a ring of resist corrosion (right tentacle)
 y - a +4 ring of slaying (on tentacle)
 E - a +4 ring of protection (on tentacle)
 G - a ring of ice
 P - an amulet of faith (around mantle) {!P}
Wands
 f - a wand of charming (6)
 w - a wand of flame (29)
 F - a wand of mindburst (9)
 R - a wand of roots (1)
Scrolls
 k - 2 scrolls of enchant weapon {unknown}
 m - 2 scrolls of amnesia {unknown}
 n - 3 scrolls of enchant armour
 p - 2 scrolls of acquirement {unknown}
 q - a scroll of torment {unknown}
 A - a scroll of silence {unknown}
 B - a scroll of fog {unknown}
 D - 3 scrolls of poison {unknown}
 I - 2 scrolls of immolation {unknown}
 J - 2 scrolls of revelation {unknown}
 N - 3 scrolls of vulnerability {unknown}
 O - a scroll of brand weapon {unknown}
Potions
 c - a potion of magic
 d - 7 potions of enlightenment
 g - 2 potions of might
 h - 3 potions of brilliance
 i - 3 potions of attraction
 r - 2 potions of lignification
 t - a potion of ambrosia
 u - 2 potions of heal wounds
 x - a potion of cancellation
 H - 3 potions of mutation
 K - 2 potions of resistance
 L - a potion of haste


   Skills:
 - Level 8.0 Fighting
 - Level 6.2(7.6) Short Blades
 + Level 6.5(7.7) Long Blades
 - Level 11.0 Dodging
 - Level 12.0 Stealth
 - Level 8.0 Spellcasting
 - Level 7.0 Conjurations
 + Level 1.0 Hexes
 - Level 1.0 Summonings
 - Level 1.0 Translocations
 - Level 3.0 Air Magic
 - Level 10.0 Earth Magic
 - Level 8.0 Alchemy


You had 19 spell levels left.
You knew the following spells:

 Your Spells              Type           Power      Damage    Failure   Level
a - Stone Arrow           Conj/Erth      74%        3d11      1%          3
c - Confusing Touch       Hex            10%        N/A       19%         3
C - Mephitic Cloud        Conj/Alch/Air  29%        N/A       2%          3
X - Magic Dart            Conj           100%       1d8       1%          1

Your spell library contained the following spells:

 Spells                   Type           Power      Damage    Failure   Level
 Sting                    Conj/Alch      100%       1d9       1%          1
 Mercury Vapours          Alch/Air       54%        N/A       1%          2
 Searing Ray              Conj           64%        2d6       1%          2
 Kiss of Death            Conj/Necr      76%        2d11      2%          1
 Momentum Strike          Conj/Tloc      42%        3d9       2%          2
 Cigotuvi's Dreadful Rot  Necr/Alch/Air  40%        N/A       3%          2
 Olgreb's Toxic Radiance  Alch           36%        N/A       3%          4
 Dazzling Flash           Conj/Hex       42%        N/A       5%          3
 Slow                     Hex            40%        N/A       6%          1
 Blink                    Tloc           20%        N/A       10%         2
 Call Imp                 Summ           20%        N/A       10%         2
 Irradiate                Conj/Alch      17%        3d17      12%         5
 Ignite Poison            Fire/Alch      21%        N/A       19%         4
 Inner Flame              Hex/Fire       9%         N/A       24%         3
 Summon Ice Beast         Ice/Summ       9%         N/A       24%         3
 Freezing Cloud           Conj/Ice/Air   9%         6-21      56%         5
 Anguish                  Hex/Necr       4%         N/A       61%         4
 Martyr's Knell           Necr/Summ      9%         N/A       61%         4
 Animate Dead             Necr           7%         N/A       67%         4
 Dispel Undead            Necr           7%         3d8       67%         4
 Silence                  Hex/Air        7%         N/A       75%         5
 Summon Mana Viper        Hex/Summ       10%        N/A       87%         5
 Curse of Agony           Necr           7%         N/A       95%         5
 Starburst                Conj/Fire      9%         6d5       98%         6
 Orb of Destruction       Conj           16%        9d7       99%         7
 Death Channel            Necr           3%         N/A       100%        6
 Haunt                    Necr/Summ      4%         N/A       100%        7
 Monstrous Menagerie      Summ           5%         N/A       100%        7
 Ozocubu's Refrigeration  Ice            3%         4d8       100%        7
 Spellforged Servitor     Conj/Summ      10%        N/A       100%        7
 Discord                  Hex            5%         N/A       100%        8
 Infestation              Necr           3%         N/A       100%        8
 Lehudib's Crystal Spear  Conj/Erth      18%        10d6      100%        8
 Fire Storm               Conj/Fire      9%         8d3       100%        9
 Animate Armour           Summ/Erth      Unusable   N/A       N/A         4

Dungeon Overview and Level Annotations

Branches:
Dungeon (11/15)            Temple (1/1) D:7            Lair (2/5) D:11
    Orc (0/2) D:11         Bailey (visited)
  Swamp: Lair:2-3    Shoals: Lair:2-3     Snake: Lair:2-3    Spider: Lair:2-3

Altars:
Ashenzari
Cheibriados
Dithmenos
Elyvilon
Fedhas
Gozag
Hepliaklqana
Kikubaaqudgha
Makhleb
Nemelex Xobeh
Okawaru
Qazlal
Ru
Sif Muna
Trog
Uskayaw
Vehumet
Wu Jian
Xom
Yredelemnul
Zin
The Shining One

Annotations:
D:4 Sigmund
D:5 Dowan, Duvessa
D:8 Gastronok
Lair:2 Nergalle


Innate Abilities, Weirdness & Mutations

You cannot wear most types of armour.
You are amphibious.
You can wear up to eight rings at the same time.
Your skin changes colour to match your surroundings (Stealth+).
Your rubbery body absorbs attacks. (AC +1, EV +1)
((You are camouflaged when in or above water. (Stealth+)))
You have tentacles for arms and can constrict up to eight enemies at once.


Message History

w - a wand of flame (29) (gained 10 charges)
There is a stone staircase leading down here.
A komodo dragon comes into view.
Found 15 gold pieces.
The helpless komodo dragon fails to defend itself.
You spit the komodo dragon like a pig!!!!
You kill the komodo dragon!
Sif Muna accepts your kill.
You now have 1292 gold pieces (gained 15).
A scorpion and a komodo dragon come into view.
A tarantella comes into view.
The helpless komodo dragon fails to defend itself.
You stick the komodo dragon like a pincushion!!!!
You kill the komodo dragon!
Sif Muna accepts your kill.
The tarantella's many legs skitter faintly.
You hear a faint skittering sound.
You hear an angry hiss.
You hit the scorpion but do no damage. You grab the scorpion.
You tentacle-slap the scorpion. You squeeze the scorpion.
The scorpion is moderately wounded.
You constrict the scorpion, but do no damage.
A pharaoh ant comes into view.
A jumping spider comes into view.
The pharaoh ant gives a chilling moan.
You puncture the scorpion! You squeeze the scorpion.
The scorpion is severely wounded.
You constrict the scorpion. The scorpion completely misses you.
The jumping spider leaps!
You hit the scorpion but do no damage.
The scorpion is almost dead.
You constrict the scorpion. The scorpion completely misses you.
Nergalle the Soulbinder comes into view.
She is wielding a +2 dagger of venom.
A rime drake comes into view.
You hit the scorpion.
You kill the scorpion!
Sif Muna accepts your kill.
You hit the tarantella. Your grab misses the tarantella.
Your squeeze misses the tarantella.
The tarantella is lightly wounded.
You closely miss the tarantella. Your grab misses the tarantella.
The tarantella is lightly wounded.
The tarantella closely misses you.
Press: ? - help, v - describe, . - travel
Here: a pharaoh ant The floor.
You hit the tarantella. You grab the tarantella.
The tarantella is lightly wounded.
You constrict the tarantella. The tarantella completely misses you.
The jumping spider leaps!
The pharaoh ant bites you but does no damage.
You hit the tarantella. You squeeze the tarantella.
The tarantella is heavily wounded.
You constrict the tarantella. The tarantella touches you!
You are afflicted by dizzying energies!
You are confused.
The jumping spider completely misses you. x2
Unknown command.
Okay, then.
You puncture the tarantella! You squeeze the tarantella.
The tarantella is almost dead.
You constrict the tarantella, but do no damage.
The pharaoh ant bites you!!
You feel drained. The tarantella completely misses you.
You constrict the tarantella. The jumping spider closely misses you.
The jumping spider completely misses you.
The tarantella closely misses you. The pharaoh ant misses you.
The jumping spider completely misses you.
The jumping spider closely misses you. The pharaoh ant barely misses you.
The tarantella barely misses you.
Okay, then.
You release your grip on the tarantella.
You feel less confused. The tarantella touches you!
The jumping spider completely misses you.
The jumping spider closely misses you.
As you read the scroll of teleportation {@r3}, it crumbles to dust.
You feel strangely unstable. The tarantella misses you.
The jumping spider closely misses you.
The jumping spider bites you but does no damage.
The tarantella touches you but does no damage.
The jumping spider leaps!
The rime drake attacks as it pursues you!
The rime drake bites you but does no damage.
The tarantella attacks as it pursues you!
The tarantella misses you.
You closely miss the tarantella. You grab the tarantella.
You tentacle-slap the tarantella.
The tarantella is almost dead.
You constrict the tarantella, but do no damage.
The tarantella touches you. The rime drake misses you.
You hit the tarantella.
Lightning courses through the tarantella!
You kill the tarantella!
Sif Muna accepts your kill.
The rime drake bites you but does no damage.
Your Hexes skill increases to level 1!
Unknown command.
Found 21 gold pieces.
The pharaoh ant attacks as it pursues you!
The pharaoh ant bites you!!
You die...

#..#..o....#....
#..........#... ....
... .....
##...##.##....#
#....#...#....#
#...#...s.#.##
#.....†.....##
.####..@###......#
......#.B..o....##
$........k°......###
###...##...##......#..
###................#
##...............#
#...........##...#
##.########## . ##..#


You could see Nergalle, a pharaoh ant, a rime drake and a jumping spider.

Vanquished Creatures
  Harold (D:9)
  Erolcha (D:10)
  A catoblepas (Lair:1)
  7 two-headed ogres
  A boulder beetle (D:11)
  2 centaur warriors (D:11)
  Lodul (D:10)
  A manticore (D:11)
  An ugly thing (D:11)
  3 cyclopes (D:11)
  3 black mambas
  12 elephants (Lair:1)
  4 cane toads
  7 komodo dragons
  6 rime drakes (Lair:1)
  An efreet (D:11)
  An unseen horror (D:11)
  2 torpor snails
  A kobold demonologist (D:11)
  3 trolls
  A hornet (D:10)
  A tarantella (Lair:2)
  4 blink frogs (Lair:1)
  3 shadows
  31 yaks
  5 wraiths
  4 vampires (D:11)
  Eustachio (D:4)
  9 wyverns
  8 basilisks
  2 steam dragons
  Menkaure (D:6)
  An acid dragon (D:11)
  6 water moccasins
  6 orc warriors
  2 sky beasts
  An ice beast (D:8)
  3 black bears
  12 wolves
  6 ogres (D:10)
  A phantom (D:7)
  3 kobold brigands
  7 bullfrogs
  A scorpion (shapeshifter) (D:11)
  4 scorpions
  3 killer bees
  2 howler monkeys
  6 electric eels (D:10)
  4 hounds
  3 jellies (D:7)
  A bombardier beetle (D:5)
  3 orc priests
  A gnoll bouda (D:5)
  2 sleepcaps
  An iguana (D:6)
  14 orc wizards
  Robin (D:4)
  11 gnolls
  3 adders
  A shadow imp (D:7)
  2 white imps (D:5)
  2 ufetubi (D:6)
  2 ribbon worms
  6 dart slugs
  28 orcs
  2 bats (D:2)
  5 endoplasms
  7 giant cockroaches
  14 goblins
  9 hobgoblins
  7 jackals
  3 quokkas
  8 ball pythons
  2 frilled lizards
  17 kobolds
  3 rats
355 creatures vanquished.

Vanquished Creatures (others)
  A meliai simulacrum (D:11)
1 creature vanquished.

Grand Total: 356 creatures vanquished

Notes
Turn   | Place    | Note
-------+----------+-------------------------------------------
     0 | D:1      | edsrzf the Octopode Hedge Wizard began the quest for the
                  | Orb.
     0 | D:1      | Reached XP level 1. HP: 11/11 MP: 4/4
   304 | D:1      | Found a faded altar of an unknown god.
   311 | D:1      | Reached skill level 2 in Conjurations
   311 | D:1      | Reached XP level 2. HP: 17/17 MP: 3/6
   695 | D:1      | Reached XP level 3. HP: 20/21 MP: 7/7
   707 | D:1      | Reached skill level 3 in Conjurations
  2005 | D:3      | Reached XP level 4. HP: 27/27 MP: 5/8
  2502 | D:3      | Identified 3 scrolls of identify
  2502 | D:3      | Identified 2 potions of enlightenment
  2503 | D:3      | Identified a potion of brilliance
  2504 | D:3      | Identified 2 potions of attraction
  2554 | D:3      | Identified the +9 hand axe of Dung {holy, rF+ Stlth+}
  2654 | D:3      | Identified 2 potions of might
  2774 | D:4      | Noticed Eustachio
  2784 | D:3      | Reached skill level 4 in Conjurations
  2821 | D:4      | Noticed Sigmund
  2978 | D:4      | Reached XP level 5. HP: 31/31 MP: 6/9
  2993 | D:4      | Noticed Robin
  3018 | D:4      | Killed Robin
  3193 | D:4      | Reached skill level 4 in Spellcasting
  3209 | D:4      | Learned a level 3 spell: Mephitic Cloud
  3323 | D:4      | Killed Eustachio
  3324 | D:4      | Reached skill level 2 in Alchemy
  3324 | D:4      | Reached XP level 6. HP: 18/36 MP: 8/12
  3730 | D:4      | Found an iron altar of Okawaru.
  3946 | D:5      | Entered Level 5 of the Dungeon
  4098 | D:5      | Noticed an ice beast
  4214 | D:5      | Noticed Duvessa
  4377 | D:5      | Reached skill level 3 in Alchemy
  4382 | D:5      | Reached XP level 7. HP: 41/41 MP: 5/14
  4653 | D:5      | Noticed Dowan
  4765 | D:5      | Reached skill level 5 in Spellcasting
  4851 | D:5      | Reached skill level 1 in Air Magic
  5009 | D:5      | Identified a potion of lignification
  5203 | D:6      | Reached skill level 5 in Conjurations
  5203 | D:6      | Reached skill level 2 in Air Magic
  5368 | D:6      | Reached skill level 3 in Air Magic
  5453 | D:6      | Identified a potion of degeneration
  5504 | D:6      | Identified 3 scrolls of fear
  5541 | D:6      | Reached XP level 8. HP: 34/46 MP: 12/15
  5545 | D:6      | Reached skill level 6 in Conjurations
  5773 | D:6      | Reached skill level 4 in Alchemy
  5850 | D:6      | Identified 2 potions of ambrosia
  6252 | D:6      | Noticed Menkaure
  6256 | D:6      | Killed Menkaure
  6370 | D:6      | Reached skill level 5 in Alchemy
  6631 | D:7      | Reached skill level 7 in Conjurations
  6678 | D:7      | Reached skill level 3 in Stealth
  6730 | D:7      | Reached skill level 6 in Alchemy
  6766 | D:7      | Reached skill level 4 in Stealth
  6960 | D:7      | Reached XP level 9. HP: 50/51 MP: 13/16
  6964 | D:7      | Reached skill level 5 in Stealth
  6995 | D:7      | Found a staircase to the Ecumenical Temple.
  7007 | Temple   | Entered the Ecumenical Temple
  7016 | Temple   | Became a worshipper of Sif Muna the Loreminder
  7267 | D:7      | Found a shadowy altar of Dithmenos.
  7368 | D:7      | Found a bloodstained altar of Trog.
  7374 | D:7      | Found a snail-covered altar of Cheibriados.
  7374 | D:7      | Found a broken altar of Ashenzari.
  7387 | D:7      | Found a white marble altar of Elyvilon.
  7390 | D:7      | Found an opulent altar of Gozag.
  7581 | D:8      | Noticed Gastronok
  7876 | D:8      | Reached skill level 6 in Stealth
  7876 | D:8      | Reached skill level 7 in Alchemy
  8641 | D:8      | Reached skill level 7 in Stealth
  9019 | D:9      | Found a flagged portal.
  9028 | Bailey   | Entered a bailey
  9132 | Bailey   | Noticed an orc warlord
  9186 | Bailey   | Reached * piety under Sif Muna
  9332 | Bailey   | Found a runed translucent gate.
  9334 | Bailey   | Found a runed translucent gate.
  9336 | Bailey   | Found a runed translucent gate.
  9373 | Bailey   | Reached skill level 8 in Alchemy
  9476 | Bailey   | Identified 5 scrolls of enchant armour
  9478 | Bailey   | Identified 4 scrolls of teleportation
  9818 | D:9      | Found an ornate altar of the Wu Jian Council.
  9818 | D:9      | Found a radiant altar of Vehumet.
  9819 | D:9      | Identified a potion of resistance
  9838 | D:9      | Noticed Harold
  9894 | D:9      | Reached skill level 8 in Stealth
 10015 | D:9      | Reached skill level 9 in Stealth
 10158 | D:9      | Noticed a two-headed ogre
 10184 | D:9      | Killed a two-headed ogre
 10185 | D:9      | Reached skill level 11 in Stealth
 10185 | D:9      | Reached XP level 10. HP: 56/56 MP: 2/17
 10283 | D:9      | Learned a level 3 spell: Stone Arrow
 10518 | D:9      | Reached skill level 1 in Earth Magic
 10669 | D:9      | Reached skill level 12 in Stealth
 10673 | D:9      | Reached skill level 2 in Earth Magic
 10678 | D:9      | Reached ** piety under Sif Muna
 10753 | D:9      | Identified a potion of haste
 10981 | D:9      | Killed Harold
 10982 | D:9      | Reached skill level 6 in Spellcasting
 10982 | D:9      | Reached skill level 3 in Earth Magic
 11124 | D:10     | Entered Level 10 of the Dungeon
 11128 | D:10     | Reached skill level 4 in Earth Magic
 11387 | D:10     | Noticed Erolcha
 11419 | D:10     | Noticed Lodul
 11515 | D:10     | Reached skill level 5 in Earth Magic
 11534 | D:10     | Killed Erolcha
 11535 | D:10     | Reached skill level 7 in Spellcasting
 11535 | D:10     | Reached XP level 11. HP: 36/61 MP: 5/21
 11547 | D:10     | Reached skill level 6 in Fighting
 11547 | D:10     | Reached skill level 6 in Short Blades
 11547 | D:10     | Reached XP level 12. HP: 12/79 MP: 1/23
 11552 | D:10     | Killed Lodul
 11553 | D:10     | Reached skill level 6 in Earth Magic
 12512 | D:10     | Identified the +1 broad axe "Quvolum" {flame, rPois Int+5
                  | Dex-3}
 12664 | D:10     | Identified 4 scrolls of noise
 12765 | D:11     | Found a staircase to the Orcish Mines.
 12793 | D:11     | Reached skill level 8 in Spellcasting
 12823 | D:11     | Reached skill level 7 in Earth Magic
 12960 | D:11     | Noticed a centaur warrior
 13005 | D:11     | Reached skill level 3 in Dodging
 13007 | D:11     | Noticed a boulder beetle
 13190 | D:11     | Found a staircase to the Lair.
 13194 | D:11     | Identified 2 potions of cancellation
 13270 | D:11     | Noticed a two-headed ogre
 13276 | D:11     | Killed a two-headed ogre
 13277 | D:11     | Reached skill level 4 in Dodging
 13380 | D:11     | Noticed a two-headed ogre
 13388 | D:11     | Killed a two-headed ogre
 13389 | D:11     | Reached skill level 8 in Earth Magic
 13400 | D:11     | Killed a centaur warrior
 13419 | D:11     | Reached skill level 5 in Dodging
 13575 | D:11     | Reached *** piety under Sif Muna
 13588 | D:11     | Killed a boulder beetle
 13688 | D:11     | Noticed a two-headed ogre
 13699 | D:11     | Killed a two-headed ogre
 13802 | D:11     | Noticed a two-headed ogre
 13813 | D:11     | Killed a two-headed ogre
 13814 | D:11     | Reached skill level 6 in Dodging
 13814 | D:11     | Reached skill level 9 in Earth Magic
 13879 | D:11     | Noticed a two-headed ogre
 13885 | D:11     | Killed a two-headed ogre
 13922 | D:11     | Noticed a two-headed ogre
 13935 | D:11     | Killed a two-headed ogre
 13936 | D:11     | Reached XP level 13. HP: 34/83 MP: 19/25
 14221 | D:11     | Reached skill level 7 in Dodging
 14242 | D:11     | Reached skill level 10 in Earth Magic
 14487 | D:11     | Reached skill level 8 in Dodging
 14549 | D:11     | Reached skill level 7 in Fighting
 14600 | D:11     | Reached **** piety under Sif Muna
 14668 | D:11     | Identified 2 potions of curing
 15057 | Lair:1   | Entered Level 1 of the Lair of Beasts
 15102 | Lair:1   | Identified 5 potions of heal wounds
 15136 | Lair:1   | Reached skill level 8 in Fighting
 15186 | Lair:1   | Reached skill level 9 in Dodging
 15188 | Lair:1   | Reached skill level 1 in Long Blades
 15304 | Lair:1   | Got Usom's Octavo of Anathema
 15465 | Lair:1   | Reached skill level 2 in Long Blades
 15777 | Lair:1   | Reached skill level 3 in Long Blades
 15804 | Lair:1   | Reached skill level 4 in Long Blades
 15892 | Lair:1   | Reached skill level 10 in Dodging
 15894 | Lair:1   | Reached ***** piety under Sif Muna
 16253 | Lair:1   | Reached XP level 14. HP: 94/94 MP: 26/26
 16256 | Lair:1   | Reached skill level 5 in Long Blades
 16399 | Lair:1   | Identified 3 potions of mutation
 16998 | Lair:1   | Reached skill level 6 in Long Blades
 17394 | Lair:2   | Reached skill level 11 in Dodging
 17400 | Lair:2   | Received a gift from Sif Muna
 17401 | Lair:2   | Got Sif Muna's Encyclopedia of Liminal Momentum {god gift}
 17406 | Lair:2   | Learned a level 3 spell: Confusing Touch
 17559 | Lair:2   | Noticed Nergalle
 17574 | Lair:2   | Reached skill level 1 in Hexes
 17574 | Lair:2   | Slain by a pharaoh ant

Illustrated notes

Levels and vault maps discovered:
D:1:      dpeg_arrival_brainrot, layout_loops_ring,
          hellmonk_ecumenical_altar_run_dry
D:2:      minmay_chambers_of_twos, layout_basic, dreamdust_mushroom_princess
D:3:      layout_loops_ring, feat_on_display
D:4:      layout_loops_ring, mainiacjoe_overflow_alcove_4, uniq_eustachio,
          uniq_sigmund, uniq_robin
D:5:      layout_basic, uniq_duvessa
D:6:      layout_basic, uniq_menkaure
D:7:      kennysheep_spiral_hall, layout_cave_pools,
          minmay_overflow_temple_star_hex, grunt_dithmenos_smoke,
          minmay_temple_entry_tees
D:8:      layout_layer_cave, kennysheep_generic_room_5, uniq_gastronok
D:9:      layout_loops_ring, mainiacjoe_overflow_large_starburst,
          enter_bailey_8, uniq_harold
D:10:     erik_rubicon_b, layout_long_grid, water_maze_lemuel, uniq_erolcha,
          uniq_lodul
D:11:     minmay_quarter_circles, layout_cave_pools,
          due_lair_maze_entry_diamond, minmay_misc_feat_enclosed,
          hangedman_decor_growths
Temple:   compressed_dpeg_triangle_lava_temple
Lair:1:   regret_index_malice_mire, layout_layer_cave
Lair:2:   layout_cave_pods, nicolae_spider_entry_lesser_pyramids,
          grunt_megastairs_5, uniq_nergalle, uniq_fannar

Skill      XL: |  1  2  3  4  5  6  7  8  9 10 11 12 13 14 |
---------------+-------------------------------------------+-----
Conjurations   | 2 3 4 5 7 |  7.0
Spellcasting   | 4 5 7 8 |  8.0
Alchemy        | 2 3 6 8 |  8.0
Air Magic      | 3 |  3.0
Stealth        | 4 11 12 | 12.0
Earth Magic    | 5 9 10 | 10.0
Fighting       | 6 8 |  8.0
Short Blades   | 6 |  6.2
Dodging        | 6 10 11 | 11.0
Long Blades    | 4 6 |  6.5
Hexes          | 1 |  1.0
Summonings     | |  1.0
Translocations | |  1.0

Action                     |  1- 3 |  4- 6 |  7- 9 | 10-12 | 13-15 || total
---------------------------+-------+-------+-------+-------+-------++-------
  Melee: Dagger            |    32 |    62 |   141 |   189 |   342 ||   766
         Tentacles         |     9 |    15 |    34 |    51 |   105 ||   214
         Constrict         |     7 |    17 |    30 |    10 |    33 ||    97
         Punch             |     2 |     4 |    11 |    19 |    51 ||    87
  Throw: Dart              |       |       |    16 |       |       ||    16
         Throwing net      |       |       |       |     1 |       ||     1
   Cast: Magic Dart        |    75 |    78 |   227 |   122 |    41 ||   543
         Mephitic Cloud    |       |     1 |    21 |    25 |    33 ||    80
         Stone Arrow       |       |       |       |     2 |     2 ||     4
  Evoke: Wand              |       |       |     2 |    11 |       ||    13
    Use: Scroll            |       |     4 |     9 |     6 |     3 ||    22
         Potion            |       |       |     1 |     1 |     6 ||     8
   Stab: Sleeping          |     3 |     1 |     1 |     2 |    14 ||    21
         Confused          |       |       |     5 |    21 |    35 ||    61
         Held in net/web   |       |       |       |     1 |       ||     1
 Armour: Skin              |    11 |    40 |    86 |   102 |   109 ||   348
  Dodge: Dodged            |    17 |    27 |    55 |    73 |   227 ||   399

Table legend: (Time is in decaauts)
 A = Elapsed time spent in this place.
 B = Non-inter-level travel time spent in this place.
 C = Inter-level travel time spent in this place.
 D = Time resting spent in this place.
 E = Time spent auto-exploring this place.
 F = Levels seen in this place.
 G = Mean time per level.
                   A        B        C        D        E       F      G
               +--------+--------+--------+--------+--------+-----+--------+
         Total |  17438 |  17047 |    391 |   4003 |   9870 |  15 | 1162.5 |
       Dungeon |  14376 |  14092 |    284 |   3204 |   8566 |  11 | 1306.9 |
        Temple |     18 |      1 |     17 |      0 |      0 |   1 |   18.0 |
          Lair |   2448 |   2359 |     89 |    616 |   1267 |   2 | 1224.0 |
        Bailey |    594 |    594 |      0 |    183 |     37 |   1 |  594.0 |
               +--------+--------+--------+--------+--------+-----+--------+

Top non-repeatable levels by time:
  Lair:1: 2044 daAuts
    D:10: 1936 daAuts
    D:11: 1928 daAuts
     D:9: 1505 daAuts
     D:6: 1324 daAuts
     D:8: 1303 daAuts
     D:7: 1242 daAuts
     D:5: 1192 daAuts
     D:4: 1145 daAuts
     D:1: 1065 daAuts
     D:3: 874 daAuts
     D:2: 858 daAuts
  Bailey: 594 daAuts
  Lair:2: 403 daAuts
  Temple: 18 daAuts
